Get step-by-step instructions on how to execute this build order below. Start the game timer, and the build order will tick by so you can play in parallel with StarCraft on a second screen or mobile device.

Game Time

  0:00

Last Step

  N/A

Next Step

Upcoming Step



Don't want to look back and forth between 2 screens? Try out our Overwolf App, the Spawning Tool Build Advisor to get an in-game overlay with this build!

Complete Build Order

  12  0:01  Drone  
  13  0:08  Drone  
  14  0:17  Overlord  
  14  0:38  Drone  
  14  0:39  Drone x2  
  17  0:54  Hatchery  
  16  1:09  Spawning Pool  
  15  1:18  Drone x3  
  18  1:42  Extractor  
  16  1:48  Drone x2  
  18  1:58  Drone  
  18  1:59  Queen  
  21  2:08  Queen  
  21  2:12  Drone  
  21  2:15  Overlord  
  24  2:18  Drone x2  
  26  2:40  Drone x4  
  30  2:46  Zergling x2  
  31  2:55  Zergling x2  
  32  3:06  Zergling x4  
  32  3:12  Metabolic Boost  
  34  3:16  Extractor  
  33  3:27  Hatchery  
  33  3:33  Drone x4  
  36  3:35  Overlord  
  36  3:36  Overlord x2  
  36  3:43  Lair  
  36  4:03  Queen  
  36  4:06  Drone x4  
  36  4:09  Extractor  
  41  4:11  Extractor  
  41  4:13  Drone x4  
  44  4:22  Drone x3  
  44  4:23  Drone  
  48  4:31  Drone x2  
  48  4:37  Zergling x12  
  56  4:45  Spore Crawler  
  56  4:47  Drone  
  56  4:48  Drone  
  57  4:59  Drone x2  
  59  5:01  Drone  
  59  5:05  Drone  
  59  5:06  Drone x5  
  66  5:09  Overlord x2  
  66  5:18  Evolution Chamber  
  66  5:21  Evolution Chamber  
  64  5:24  Queen  
  66  5:35  Extractor x2, Drone x3  
  66  5:36  Drone x5  
  72  5:50  Drone  
  72  5:51  Drone x2  
  72  5:56  Infestation Pit  
  74  6:01  Baneling Nest  
  74  6:03  Zergling x14  
  80  6:15  Queen  
  81  6:32  Zergling x10  
  80  6:33  Zergling x2  
  80  6:35  Overlord x3  
  23  7:14  Zergling x12  
  23  7:15  Zergling x8